 Dungeon Crawl Stone Soup version 0.22.2-1-ge965b3aba3 (webtiles) character file.

96 theanonym the Vexing (level 4, -9/33 HPs)
             Began as a Mummy Enchanter on Sept 1, 2021.
             Mangled by a crocodile (13 damage)
             ... in a sewer.
             The game lasted 00:03:43 (2794 turns).

theanonym the Vexing (Mummy Enchanter)              Turns: 2794, Time: 00:03:43

Health: -9/33      AC:  7    Str: 15    XL:     4   Next: 41%
Magic:  8/8        EV: 11    Int: 14    God:
Gold:   180        SH:  0    Dex: 12    Spells: 7/8 levels left

rFire    x . .     SeeInvis .   a - +0 long sword
rCold    + . .     Gourm    .   (no shield)
rNeg     + + +     Faith    .   h - +0 ring mail
rPois    ∞         Spirit   .   (no helmet)
rElec    .         Reflect  .   m - +0 cloak
rCorr    .         Harm     .   (no gloves)
MR       .....                  b - +0 pair of boots
Stlth    +.........             (no amulet)
HPRegen  0.11/turn              (no ring)
MPRegen  0.11/turn              e - +3 ring of strength

@: about to teleport
A: no food or potions, fire vulnerability, cold resistance 1, negative energy
resistance 3, torment resistance, unbreathing
a: no special abilities


Innate Abilities, Weirdness & Mutations

You do not eat or drink.
Your flesh is vulnerable to fire.
You are immune to poison.
Your flesh is cold resistant. (rC+)
You are immune to negative energy. (rN+++)
You are immune to unholy pain and torment.
You can survive without breathing.


   Skills:
 + Level 2.1 Fighting
   Level 2.2(2.5) Short Blades
 * Level 1.5(2.2) Long Blades
 - Level 1.5 Dodging
 - Level 2.4 Stealth
 - Level 2.6 Spellcasting
 - Level 2.6 Hexes


You had 7 spell levels left.
You knew the following spells:

 Your Spells              Type           Power        Failure   Level  Hunger
a - Corona                Hex            #......      14%         1    N/A

Your spell library contained the following spells:

 Spells                   Type           Power        Failure   Level  Hunger
 Ensorcelled Hibernation  Hex/Ice        #.....       36%         2    N/A
 Confuse                  Hex            #.......     41%         3    N/A
 Tukima's Dance           Hex            #.......     41%         3    N/A
 Dazzling Spray           Conj/Hex       #.....       58%         3    N/A

Skill      XL: |  1  2  3  4 |
---------------+-------------+-----
Short Blades   | 1 2 |  2.2
Fighting       | 1 2 |  2.1
Long Blades    | 1 |  1.5
Dodging        | |  1.5
Stealth        | |  2.4
Spellcasting   | |  2.6
Hexes          | |  2.6

Action                   |  1- 3 |  4- 6 || total
-------------------------+-------+-------++-------
Melee: Dagger            |   119 |       ||   119
       Long sword        |    48 |    33 ||    81
  Use: Scroll            |       |     7 ||     7
 Stab: Sleeping          |     3 |       ||     3
Armor: Ring mail         |    50 |    17 ||    67
       Leather armour    |     7 |       ||     7
Dodge: Dodged            |   111 |    28 ||   139
       Rpst.: Long sword |     9 |     9 ||    18

Inventory:

Hand Weapons
 a - a +0 long sword (weapon)
   (You found it on level 3 of the Dungeon)
Armour
 b - a +0 pair of boots (worn)
   (You found it on level 3 of the Dungeon)
 h - a +0 ring mail (worn)
   (You found it on level 1 of the Dungeon)
 m - a +0 cloak (worn)
   (You found it on level 2 of the Dungeon)
Jewellery
 c - an uncursed ring of wizardry
   (You found it on level 1 of the Dungeon)
 e - a +3 ring of strength (right hand)
   (You found it on level 2 of the Dungeon)
Scrolls
 g - 2 scrolls of enchant armour
 i - a scroll of immolation {unknown}
 k - 2 scrolls of enchant weapon
 n - a scroll of remove curse
 p - a scroll of fog {unknown}
 t - 2 scrolls of teleportation {!r}
 y - a scroll of magic mapping You were in a sewer. You were not hungry. You visited 1 branch of the dungeon, and saw 4 of its levels. You also visited: Sewer. You collected 180 gold pieces.

Dungeon Overview and Level Annotations

Branches:
Dungeon (4/15)
 Temple: D:4-7

Altars:

Annotations:
D:3 1 runed door

######## #
###......### #
###.......≈.@### #
###.≈≈..####≈..t.#
###...≈.###
###≈....#
.≈..≈..##
##....≈.#
###.≈.≈.# ....≈###
# ###...≈.#
...##.% # ###.≈≈..
..### ($# # ##...
## ## ###


You could see a crocodile.

Notes
Turn   | Place    | Note
-------+----------+-------------------------------------------
     0 | D:1      | theanonym the Mummy Enchanter began the quest for the Orb.
     0 | D:1      | Reached XP level 1. HP: 13/13 MP: 4/4
    97 | D:1      | Reached skill level 1 in Short Blades
   166 | D:1      | Reached XP level 2. HP: 18/20 MP: 5/5
   397 | D:1      | Reached skill level 1 in Fighting
  1022 | D:2      | Reached skill level 2 in Short Blades
  1081 | D:2      | Reached XP level 3. HP: 25/26 MP: 7/7
  1967 | D:3      | HP: 12/27 [adder (2)]
  1973 | D:3      | Reached skill level 1 in Long Blades
  1973 | D:3      | Reached XP level 4. HP: 10/33 MP: 8/8
  2324 | D:3      | Found a runed door.
  2645 | D:4      | Reached skill level 2 in Fighting
  2705 | D:4      | Found a glowing drain.
  2721 | Sewer    | Entered a sewer
  2786 | Sewer    | Noticed a crocodile
  2792 | Sewer    | HP: 4/33 [crocodile (16)]
  2794 | Sewer    | Mangled by a crocodile

Vanquished Creatures
  3 adders
  An ooze (D:1)
  3 dart slugs
  2 leopard geckos
  2 orcs (D:3)
  6 bats
  5 giant cockroaches
  7 goblins
  A hobgoblin (D:3)
  5 jackals
  A quokka (D:4)
  5 frilled lizards
  8 kobolds
  A quokka skeleton (D:4)
  5 rats
55 creatures vanquished.

Table legend:
 A = Turns spent in this place as a percentage of turns spent in the entire game.
 B = Non-inter-level travel turns spent in this place as a percentage of non-inter-level travel turns spent in the entire game.
 C = Inter-level travel turns spent in this place as a percentage of turns spent in this place.
 D = Turns resting spent in this place as a percentage of non-inter-level travel turns spent in this place.
 E = Turns spent auto-exploring this place as a percentage of non-inter-level travel turns spent in this place.
 F = Non-inter-level travel turns spent in this place divided by the number of levels of this place that you've seen.
                   A       B       C       D       E      F
               +-------+-------+-------+-------+-------+----------------------
         Total | 100.0 | 100.0 |   6.3 |  23.0 |  58.9 | 523.6
       Dungeon |  97.4 |  97.2 |   6.5 |  22.7 |  59.5 | 636.2
         Sewer |   2.6 |   2.8 |   0.0 |  32.9 |  39.7 |  73.0
               +-------+-------+-------+-------+-------+----------------------
